 Dungeon Crawl Stone Soup version 0.14-a0-805-gc239e29 (webtiles) character file.

1247 PolkaDot the Jinx (level 8, 0/52 HPs)
             Began as a Vampire Enchanter on Nov 11, 2013.
             Killed from afar by an orc wizard (11 damage)
             ... with a magic dart
             ... on Level 5 of the Dungeon.
             The game lasted 00:11:51 (2545 turns).

PolkaDot the Jinx (Vampire Enchanter)               Turns: 2545, Time: 00:11:52

HP   0/52        AC  3     Str 10      XL: 8   Next:  9%
MP  13/13        EV 13     Int 17      God:
Gold 158         SH  0     Dex 16      Spells:  2 memorised,  5 levels left

Res.Fire  : . . .   See Invis. : +   j - +2 dagger (speed)
Res.Cold  : . . .   Warding    : .   b - +1 robe
Life Prot.: . . .   Conserve   : .   (no shield)
Res.Poison: +       Res.Corr.  : .   (no helmet)
Res.Elec. : .       Clarity    : .   (no cloak)
Sust.Abil.: . .     Spirit.Shd : .   (no gloves)
Res.Mut.  : .       Stasis     : .   (no boots)
Res.Rott. : .       Flight     : .   (no amulet)
Saprovore : . . .                    t - +3 ring of strength
                                     x - ring of poison resistance

@: regenerating quickly, slowed, very slow, somewhat resistant to hostile
enchantments, very stealthy
A: bottle blood, fangs 3, see invisible, unbreathing
a: Bottle Blood


You were on level 5 of the Dungeon.
You were very full.

You visited 1 branch of the dungeon, and saw 5 of its levels.

You collected 158 gold pieces.

Inventory:

Hand weapons
 j - a +2,+2 dagger of speed (weapon)
Missiles
 d - 12 darts (quivered)
Armour
 b - a +1 robe (worn)
Magical devices
 r - a wand of polymorph (14)
 w - a wand of flame (13) {unknown}
Scrolls
 a - 2 scrolls of identify {unknown}
 h - a scroll of random uselessness {unknown}
 i - 2 scrolls of fear {unknown}
 k - 6 scrolls of remove curse {unknown}
 l - a scroll of blinking {unknown}
 m - a scroll of amnesia {unknown}
 n - 4 scrolls of enchant weapon II {unknown}
 u - 2 scrolls of recharging {unknown}
 y - a scroll of fog {unknown}
 A - 3 scrolls of noise {unknown}
 B - a scroll of teleportation {unknown}
 C - a scroll of enchant armour {unknown}
Jewellery
 t - a +3 ring of strength (right hand)
 x - a ring of poison resistance (left hand)
Potions
 e - a potion of beneficial mutation {unknown}
 f - a potion of heal wounds
 g - a potion of paralysis {unknown}
 o - 3 potions of curing {unknown}
 p - a potion of magic {unknown}
 q - a potion of slowing {unknown}
 s - a potion of restore abilities {unknown}
 v - a potion of invisibility {unknown}
 z - 2 potions of cure mutation {unknown}
Books
 c - a book of Maledictions

   Spells                             Type                      Level
   *Corona                            Hexes                        1
   Sure Blade                         Hexes/Charms                 2
   Ensorcelled Hibernation            Hexes/Ice                    2
   *Confuse                           Hexes                        3
   Enslavement                        Hexes                        4
   Invisibility                       Hexes                        6


   Skills:
 + Level 5.3 Short Blades
 - Level 1.0 Throwing
 - Level 2.2 Dodging
 + Level 8.0 Stealth
 - Level 1.0 Spellcasting
 * Level 10.2 Hexes


You had 5 spell levels left.
You knew the following spells:

 Your Spells              Type           Power        Failure   Level  Hunger
A - Corona                Hex            #####..      1%          1    ##.....
C - Confuse               Hex            #####...     1%          3    ####...


Dungeon Overview and Level Annotations

Branches:
Dungeon (5/27)
 Temple: D:4-7

Altars:
Cheibriados
Okawaru
Yredelemnul


Innate Abilities, Weirdness & Mutations

Your natural rate of healing is unusually fast.
You can bottle blood from corpses.
You have razor-sharp teeth.*
You have supernaturally acute eyesight.
You can survive without breathing.*


Message History

The orc wizard casts a spell.
The orc wizard seems to speed up.
Drink which item? (? for menu, Esc to quit)
You feel much better. The bat closely misses you.
The bat completely misses you.
The orc priest mumbles some strange prayers to Beogh against you.
Something smites you! The bat barely misses you.
The orc priest's eyes start to glow.
You hit the bat.
The bat is moderately wounded.
The bat barely misses you.
You hit the bat.
You kill the bat!
The orc wizard gestures at you while chanting.
The magic dart hits you!
* * * LOW HITPOINT WARNING * * *
The orc priest glows brightly for a moment.
The orc wizard casts a spell at you. The magic dart hits you!
You die...

.. #.# .#. #. .. ... #. .#
#.# .#####.#.# #.#
#......#..# ## #####.# ###
#%).# #. .....# ##.## ##.###
#.#####..###...#####...####
...<............@.%o......#
#.#####..###...####o###.....
#. #..........%..# .#.## #.
##.##########.# .#.# .. #.#
... # # #. #.# ### #. #.# #.
#.# . #.#


You could see an orc priest and an orc wizard.

Vanquished Creatures
  An unseen horror (D:5)
  A necrophage (D:4)
  Edmund (D:4)
  An ogre (D:4)
  An iguana (D:3)
  An orc wizard (D:4)
  An ogre zombie (D:5)
  Ijyb (D:4)
  5 adders
  A gnoll (D:3)
  2 giant geckos
  An ooze (D:3)
  13 orcs
  2 bat skeletons (D:4)
  4 giant cockroaches
  11 hobgoblins
  3 quokkas (D:4)
  A ball python (D:3)
  8 bats
  8 giant newts
  4 goblins
  6 jackals
  5 kobolds
  13 rats
95 creatures vanquished.

Notes
Turn   | Place    | Note
--------------------------------------------------------------
     0 | D:1      | PolkaDot, the Vampire Enchanter, began the quest for the Orb.
     0 | D:1      | Reached XP level 1. HP: 13/13 MP: 4/4
    57 | D:1      | Reached skill level 1 in Throwing
   169 | D:1      | Reached XP level 2. HP: 2/19 MP: 5/5
   745 | D:2      | Reached XP level 3. HP: 20/24 MP: 6/6
   843 | D:2      | Found a basalt altar of Yredelemnul.
   847 | D:2      | Reached skill level 5 in Hexes
   905 | D:2      | Found an iron altar of Okawaru.
  1181 | D:3      | Reached XP level 4. HP: 13/30 MP: 8/8
  1255 | D:3      | Learned a level 3 spell: Confuse
  1368 | D:3      | Found a snail-covered altar of Cheibriados.
  1526 | D:3      | Reached skill level 6 in Hexes
  1759 | D:4      | Noticed a necrophage
  1767 | D:4      | Killed a necrophage
  1767 | D:4      | Reached skill level 5 in Stealth
  1767 | D:4      | Reached skill level 7 in Hexes
  1767 | D:4      | Reached XP level 5. HP: 30/35 MP: 9/9
  1846 | D:4      | Noticed Edmund
  1895 | D:4      | Killed Edmund
  1895 | D:4      | Reached XP level 6. HP: 41/41 MP: 1/10
  1949 | D:4      | Noticed Ijyb
  1959 | D:4      | Killed Ijyb
  2018 | D:4      | Reached skill level 8 in Hexes
  2068 | D:4      | Noticed an ogre
  2080 | D:4      | Killed an ogre
  2080 | D:4      | Reached XP level 7. HP: 46/46 MP: 2/11
  2488 | D:5      | Entered Level 5 of the Dungeon
  2504 | D:5      | Noticed an unseen horror
  2514 | D:5      | Killed an unseen horror
  2514 | D:5      | Reached skill level 5 in Short Blades
  2514 | D:5      | Reached skill level 10 in Hexes
  2514 | D:5      | Reached XP level 8. HP: 19/52 MP: 10/13
  2545 | D:5      | Killed from afar by an orc wizard

Action                   |  1- 3 |  4- 6 |  7- 9 || total
-------------------------+-------+-------+-------++-------
Melee: Dagger            |   134 |   191 |    47 ||   372
 Cast: Confuse           |       |     9 |     1 ||    10
Evoke: Wand              |     1 |       |       ||     1
  Use: Potion            |     2 |     2 |     1 ||     5
 Stab: Sleeping          |     8 |     7 |     5 ||    20
       Confused          |       |     7 |     2 ||     9
